Map: Dusty Gorge

Players

TheDragon - Winner!

  • Race: Zerg Zerg
  • Spawn Location: 5:00

Lionheart - Winner!

  • Race: Protoss Protoss
  • Spawn Location: 3:00

MonstroTown

  • Race: Terran Terran
  • Spawn Location: 11:00

Michael

  • Race: Zerg Zerg
  • League: Gold
  • Spawn Location: 9:00

VOD

Have the link to the VOD?

Description

Time

  • Played on: Sept. 16, 2018, 2:29 p.m.
  • Length: 10:15
Show
View Real Time Build Order
Export as new Build Order

TheDragon Zerg - Winner!

Build Orders: Hatch First 

Get SALT Encoding   

  12  0:01  Drone  
  13  0:09  Drone  
  14  0:17  Overlord  
  14  0:36  Drone x3  
  17  0:47  Drone  
  18  0:57  Drone  
  18  1:03  Hatchery  
  18  1:14  Drone  
  19  1:19  Spawning Pool  
  19  1:20  Extractor  
  19  1:22  Drone  
  18  1:29  Drone  
  19  1:44  Drone  
  20  1:53  Overlord  
  20  2:08  Queen  
  22  2:16  Zergling x6  
  22  2:22  Queen  
  27  2:24  Metabolic Boost  
  27  2:42  Baneling Nest  
  27  2:43  Zergling x2  
  27  2:44  Zergling x6  
  30  2:50  Drone  
  31  3:00  Drone x2  
  31  3:01  Drone  
  35  3:20  Zergling x4  
  36  3:28  Overlord  
  36  3:49  Zergling x6  
  36  3:50  Zergling x10  
  42  4:13  Baneling x5  
  42  4:15  Zergling x2  
  43  4:17  Overlord  
  43  4:18  Overlord x2  
  43  4:35  Overlord x3  
  43  4:55  Baneling  
  43  4:58  Zergling x20  
  53  5:06  Lair  
  53  5:16  Extractor  
  41  5:44  Zergling x16  
  49  6:01  Extractor  
  49  6:03  Drone x5  
  52  6:17  Drone  
  52  6:18  Drone x2  
  54  6:32  Spire  
  53  6:34  Extractor  
  53  6:37  Roach Warren, Drone x4  
  53  6:38  Drone x3  
  58  6:48  Spine Crawler  
  58  6:49  Spine Crawler  
  58  6:50  Drone  
  58  6:51  Drone x4, Spine Crawler  
  58  6:53  Spine Crawler  
  58  7:13  Drone x4  
  62  7:17  Centrifical Hooks  
  62  7:22  Drone x5  
  67  7:25  Glial Reconstitution  
  67  7:30  Overseer  
  67  7:47  Drone x3  
  70  7:53  Hatchery  
  68  8:04  Roach  
  68  8:05  Roach x5  
  80  8:19  Baneling x7  
  80  8:28  Drone x9  
  89  8:39  Roach  
  91  8:41  Overlord x2  
  91  8:52  Overlord x2  
  91  8:53  Overlord  
  91  9:07  Roach  
  91  9:08  Roach x4  
  91  9:09  Ravager  
  98  9:28  Roach  
  98  9:29  Roach x8  
  106  9:54  Roach x6  
Show
View Real Time Build Order
Export as new Build Order

Lionheart Protoss - Winner!

Build Orders: 1 Gate Expand 

Get SALT Encoding   

  12  0:00  Probe  
  13  0:13  Probe  
  14  0:23  Pylon  
  14  0:25  Probe  
  15  0:38  Probe  
  16  0:42  Gateway  
  16  0:46  Probe  
  16  0:55  Probe, Assimilator  
  18  1:04  Probe  
  19  1:13  Probe  
  20  1:26  Probe  
  21  1:38  Probe  
  22  1:44  Nexus  
  22  2:02  Probe  
  23  2:09  Pylon  
  23  2:19  Cybernetics Core  
  23  2:27  Zealot, Probe, Pylon  
  26  2:34  Assimilator  
  26  2:39  Probe  
  27  2:50  Pylon  
  27  2:53  Probe  
  28  3:01  Probe  
  28  3:02  Probe  
  28  3:03  Stargate  
  30  3:09  Probe  
  30  3:10  Probe  
  30  3:17  Probe  
  30  3:19  Probe  
  32  3:23  Forge  
  34  3:30  Probe  
  35  3:34  Probe  
  35  3:36  Stargate  
  36  3:42  Probe x2  
  36  3:43  Assimilator  
  38  3:53  Void Ray  
  38  3:54  Probe  
  43  4:06  Probe  
  45  4:10  Probe  
  45  4:18  Probe  
  45  4:22  Probe  
  45  4:23  Void Ray  
  51  4:27  Assimilator  
  51  4:30  Void Ray, Probe  
  52  4:33  Photon Cannon  
  52  4:34  Protoss Air Weapons Level 1, Probe  
  52  4:35  Photon Cannon  
  57  4:47  Probe  
  57  4:48  Probe  
  59  4:59  Probe  
  60  5:01  Pylon  
  60  5:16  Void Ray  
  60  5:19  Void Ray  
  60  5:21  Pylon  
  64  5:24  Pylon  
  64  5:26  Probe x2  
  64  5:28  Pylon  
  70  5:41  Photon Cannon  
  70  5:45  Photon Cannon  
  70  5:52  Void Ray  
  70  5:55  Void Ray  
  70  6:01  Protoss Shields Level 1  
  78  6:04  Probe x2  
  78  6:08  Pylon  
  80  6:16  Fleet Beacon  
  80  6:29  Protoss Air Armor Level 1  
  80  6:42  Probe x2  
  80  6:44  Void Ray  
  86  6:49  Void Ray  
  86  6:54  Probe x2  
  92  7:27  Tempest  
  98  7:32  Void Ray  
  98  7:33  Nexus  
  98  7:36  Assimilator  
  102  7:40  Assimilator  
  102  7:43  Pylon  
  102  7:46  Pylon  
  102  7:48  Graviton Catapult, Pylon  
  102  7:52  Pylon  
  102  8:02  Photon Cannon  
  102  8:05  Photon Cannon  
  102  8:08  Photon Cannon  
  102  8:10  Photon Cannon  
  100  8:14  Tempest  
  100  8:21  Phoenix  
  108  8:31  Photon Cannon  
  108  8:35  Photon Cannon  
  108  8:38  Phoenix  
  108  8:45  Anion Pulse-Crystals  
  110  8:53  Void Ray  
  114  9:19  Probe x2  
  116  9:31  Probe x2  
  118  9:39  Pylon  
  118  9:41  Pylon  
  118  9:43  Probe  
  118  9:44  Pylon  
Show
View Real Time Build Order
Export as new Build Order

MonstroTown Terran 

Build Orders:  

Get SALT Encoding   

  12  0:01  SCV  
  13  0:13  SCV  
  14  0:18  Supply Depot  
  14  0:25  SCV  
  15  0:40  SCV  
  15  0:42  Barracks  
  16  0:52  SCV  
  17  1:04  SCV  
  18  1:25  SCV  
  19  1:31  Barracks  
  19  1:32  Barracks  
  19  1:50  Marine  
  19  1:51  Command Center  
  20  1:55  SCV  
  21  2:09  Marine  
  21  2:19  Orbital Command  
  21  2:21  Marine x2  
  22  2:32  Supply Depot  
  22  2:41  Marine  
  22  2:42  Refinery  
  23  2:54  SCV  
  23  2:57  Marine x2  
  26  3:01  Supply Depot  
  26  3:05  Marine  
  27  3:06  SCV  
  28  3:19  Barracks Tech Lab  
  27  3:20  Refinery  
  27  3:26  Barracks Tech Lab  
  27  3:27  Marine  
  27  3:31  Orbital Command  
  28  3:38  SCV  
  28  3:40  Marauder  
  31  3:46  Marauder, Marine  
  34  4:09  Marauder x2  
  38  4:21  Marine  
  39  4:30  Marauder  
  41  4:33  Factory  
  41  4:36  Marauder  
  43  4:43  Marine  
  44  4:48  SCV  
  45  4:57  Marauder  
  47  5:05  Marauder  
  47  5:06  Marine  
  50  5:19  Marauder  
  46  5:48  Supply Depot  
  46  5:49  Supply Depot  
  45  6:10  Marine x3  
  45  6:11  Hellion  
  50  6:19  Starport  
  50  6:22  Engineering Bay  
  50  6:28  Marauder, Marine  
  53  6:41  Supply Depot  
  53  6:46  Marine  
  54  6:54  Supply Depot x2  
  54  6:57  Terran Infantry Weapons Level 1  
  54  6:59  Factory Reactor  
  53  7:03  Marauder x2  
  56  7:09  Marine  
  57  7:22  Missile Turret  
  57  7:27  Missile Turret  
  57  7:32  Missile Turret  
  57  7:33  Supply Depot  
  57  7:47  Supply Depot  
  57  8:01  Command Center  
  56  8:24  Marine x2  
  56  8:25  Widow Mine, SCV, Medivac  
  63  9:12  Marine x2  
  63  9:13  Hellion x2, SCV, Medivac, Marauder  
  74  9:30  Marine x2  
  76  9:34  Marine  
  57  9:49  Marauder  
  57  9:51  Marine  
  43  9:55  Marine  
Show
View Real Time Build Order
Export as new Build Order

Michael Zerg 

Build Orders: Pool First 

Get SALT Encoding   

  12  0:01  Drone  
  13  0:12  Overlord  
  13  0:18  Drone  
  14  0:31  Drone x2  
  14  0:34  Drone  
  17  0:37  Extractor  
  16  0:45  Drone  
  17  0:54  Spawning Pool  
  17  0:57  Drone  
  17  1:07  Drone  
  18  1:18  Drone  
  19  1:31  Hatchery  
  18  1:34  Drone  
  19  1:41  Zergling x2  
  19  1:45  Metabolic Boost  
  20  1:55  Queen  
  22  2:02  Overlord  
  22  2:24  Drone x3  
  22  2:27  Extractor  
  24  2:41  Drone  
  25  2:51  Queen  
  25  2:52  Hatchery  
  25  2:55  Drone  
  25  2:58  Drone  
  28  3:02  Drone  
  28  3:05  Drone  
  30  3:15  Lair  
  30  3:27  Queen  
  30  3:33  Drone  
  30  3:34  Drone x2  
  34  3:48  Zergling x4  
  36  3:50  Overlord x2  
  36  4:15  Roach Warren  
  35  4:18  Drone x2, Spine Crawler  
  35  4:19  Drone, Evolution Chamber  
  36  4:34  Drone x2  
  36  4:35  Drone x3  
  36  4:36  Drone  
  42  4:45  Zerg Ground Armor Level 1  
  40  4:55  Roach x3  
  40  4:58  Roach  
  47  5:03  Roach  
  47  5:04  Roach  
  51  5:08  Overlord  
  51  5:19  Overlord  
  51  5:21  Overlord  
  51  5:23  Glial Reconstitution  
  51  5:27  Roach x2  
  55  5:32  Roach  
  55  5:33  Roach  
  59  5:41  Roach x2  
  65  5:43  Roach  
  65  5:46  Roach  
  66  5:58  Roach x4  
  74  6:05  Roach  
  74  6:10  Overlord x2  
  76  6:27  Overlord  
  76  6:29  Overlord  
  76  6:39  Zerg Missile Weapons Level 1  
  76  6:42  Roach x3  
  76  6:43  Roach  
  84  6:57  Drone  
  85  7:07  Hatchery  
  84  7:12  Hydralisk Den  
  83  7:16  Zergling x12  
  83  7:22  Zergling x4  
  91  7:48  Drone x8  
  99  8:03  Overlord  
  99  8:04  Overlord x2  
  99  8:19  Muscular Augments  
  99  8:27  Spire  
  99  8:29  Drone  
  99  8:30  Queen  
  94  9:07  Roach x10  
  94  9:08  Roach  
  103  9:15  Roach  
  71  9:32  Drone  
  71  9:33  Drone x2  
  74  9:40  Infestation Pit  
  73  10:11  Extractor  
  73  10:12  Extractor  
Tags
 
Add a new tag
Caveats
  • Supply blocks, unpowered buildings, or Contaminate may cause inaccurate times.
  • Supply counts are checked every 10 seconds.